 Dungeon Crawl Stone Soup version 0.24-a0-489-g1c7b743a30 (webtiles) character file.

Game seed: 13268058465675752821

808 KristoblXynda the Slasher (level 7, -6/57 HPs)
             Began as a White Draconian Fighter on July 11, 2019.
             Was an Initiate of Cheibriados.
             Mangled by a centaur
             ... wielding a cursed +0 shortbow
              (8 damage)
             ... on level 6 of the Dungeon.
             The game lasted 00:08:36 (5551 turns).

KristoblXynda the Slasher (White Draconian Fighter) Turns: 5551, Time: 00:08:37

Health: -6/57      AC:  7    Str: 25    XL:     7   Next: 60%
Magic:  0/7        EV: 12    Int: 16    God:    Cheibriados [......]
Gold:   206        SH: 17    Dex: 11    Spells: 6/6 levels left

rFire    . . .     SeeInvis .   a - +1 long sword
rCold    + . .     Gourm    .   e - +2 shield
rNeg     . . .     Faith    .   (armour unavailable)
rPois    +         Spirit   +   (helmet restricted)
rElec    .         Reflect  +   b - scarf {Spirit}
rCorr    .         Harm     .   (no gloves)
MR       .....                  v - +0 pair of boots
Stlth    +.........             r - +5 amulet of reflection
HPRegen  0.19/turn              k - ring of poison resistance
MPRegen  0.10/turn              (no ring)

@: mighty, brilliant, flying, very slow
A: breathe frost, unfitting armour, cold resistance 1, cold-blooded, AC +6
a: Breathe Frost, Bend Time, Renounce Religion


You were on level 6 of the Dungeon.
You worshipped Cheibriados.
Cheibriados was noncommittal.
You were not hungry.

You visited 2 branches of the dungeon, and saw 7 of its levels.

You collected 206 gold pieces.

Inventory:

Hand Weapons
 a - a +1 long sword (weapon)
Armour
 b - a scarf of spirit shield (worn)
 e - a +2 shield (worn)
 v - a +0 pair of boots (worn)
Magical Staves
 l - an uncursed staff of energy
Jewellery
 k - a ring of poison resistance (left hand)
 q - a cursed ring of attention {unknown}
 r - a +5 amulet of reflection (around neck)
Scrolls
 g - a scroll of enchant weapon
 i - a scroll of teleportation
 m - 3 scrolls of magic mapping
 o - 7 scrolls of remove curse
 u - 2 scrolls of identify
Potions
 f - a potion of invisibility {unknown}
 j - a potion of ambrosia {unknown}
 n - a potion of brilliance
 p - a potion of flight
 s - a potion of curing {unknown}
 t - a potion of lignification {unknown}
Comestibles
 d - 8 rations


   Skills:
 - Level 3.2 Fighting
 * Level 6.4 Long Blades
 + Level 4.7 Dodging
 + Level 5.1 Shields


You had 6 spell levels left.
You didn't know any spells.
Your spell library contained the following spells:

 Spells                   Type           Power        Failure   Level  Hunger
 Magic Dart               Conj           #...         10%         1    ##.....
 Blink                    Tloc           N/A          14%         2    ###....
 Call Imp                 Summ           #.......     14%         2    ###....
 Slow                     Hex            #.......     14%         2    ###....
 Conjure Flame            Conj/Fire      #.......     26%         3    ####...
 Mephitic Cloud           Conj/Pois/Air  #.......     26%         3    ####...


Dungeon Overview and Level Annotations

Branches:
Dungeon (6/15)             Temple (1/1) D:4

Altars:
Ashenzari
Cheibriados
Dithmenos
Elyvilon
Fedhas
Gozag
Hepliaklqana
Kikubaaqudgha
Makhleb
Nemelex Xobeh
Okawaru
Qazlal
Ru
Sif Muna
Trog
Uskayaw
Vehumet
Wu Jian
Xom
Yredelemnul
Zin
The Shining One

Annotations:
D:3 2 transporters, akello96's ghost, amateur DsNe


Innate Abilities, Weirdness & Mutations

You can breathe waves of freezing cold.
You can buffet flying creatures when you breathe cold.
Your icy white scales are hard. (AC +6)
You cannot fit into any form of body armour.
Your flesh is cold resistant. (rC+)
You are cold-blooded and may be slowed by cold attacks.


Message History

Deactivating autopickup; reactivate with Ctrl-A.
The centaur hits you with a cursed +0 shortbow.
* * * LOW HITPOINT WARNING * * *
You block the shadow imp's attack. The giant cockroach barely misses you.
Unknown command.
It was a potion of flight.
You feel very buoyant.
You fly up into the air.
The centaur misses you. Something hits you but does no damage.
You block the orc priest's attack. You block the shadow imp's attack.
The giant cockroach closely misses you.
You riposte.
You completely miss the giant cockroach.
It was a potion of brilliance.
You feel clever all of a sudden. You block the centaur's attack.
Something hits you but does no damage. You block the giant cockroach's attack.
You block the shadow imp's attack. The orc priest hits you with a +0 mace.
* * * LOW HITPOINT WARNING * * *
The centaur hits you with a cursed +0 shortbow!
You die...

***,*,,,,,,,,,,,,,,********,,,,*
**,,,*,****,,###***,,,,,,,**,,,,*
*,,***,,* *,,,..##*******,,,,,,,*
,,** **,* *,###..#######***,,,,,*
,** *,* *,#..........#**,.*****
**** *,* *,#(.........#*,.#*****
,,,****,***,#..........##..,,,,,,
,,,,,,,,,...#..c{..........,,,,,,
,,,****,**#...oo@(.....#*,,,,,,,,
,,,,,,,,,,#.#..s5.((...#,,,,,,,,,
,,,****,,,*,#.......<..#,********
**,** *,,,#..............#
**,,***,,,###..........###
***,,**,,,,.........####
,***,,,,,,#........##************
,****,,,,,...####...,,,,**,,,,,,,
,,,**,,,,,,##***#..#***,,,,,,,,,,


You could see a centaur, an orc priest, a shadow imp, an orc and a giant
cockroach.

Vanquished Creatures
  An ogre (D:5)
  A phantom (D:5)
  3 killer bees (D:4)
  A howler monkey (D:4)
  5 orc priests
  A jelly (D:5)
  3 gnolls (D:5)
  11 adders
  4 oozes (D:4)
  A worm (D:2)
  5 dart slugs
  7 leopard geckos
  18 orcs
  5 giant cockroaches
  6 goblins
  6 hobgoblins
  9 jackals
  A quokka (D:3)
  10 ball pythons
  9 bats
  7 frilled lizards
  13 kobolds
  6 rats
133 creatures vanquished.

Notes
Turn   | Place    | Note
-------+----------+-------------------------------------------
     0 | D:1      | KristoblXynda the Draconian Fighter began the quest for the
                  | Orb.
     0 | D:1      | Reached XP level 1. HP: 19/19 MP: 1/1
   194 | D:1      | Reached XP level 2. HP: 23/26 MP: 2/2
   633 | D:1      | Reached XP level 3. HP: 28/31 MP: 3/3
   646 | D:1      | Reached skill level 3 in Long Blades
  1185 | D:2      | Reached XP level 4. HP: 26/38 MP: 2/4
  1298 | D:2      | Found an ornate altar of the Wu Jian Council.
  1957 | D:3      | Reached skill level 4 in Long Blades
  2075 | D:3      | Found a transporter.
  2075 | D:3      | Noticed akello96's ghost (amateur DsNe)
  2076 | D:3      | Found a transporter.
  2137 | D:2      | Reached XP level 5. HP: 13/45 MP: 3/5
  3451 | D:4      | Reached XP level 6. HP: 32/51 MP: 3/6
  3937 | D:4      | Reached skill level 5 in Long Blades
  3955 | D:4      | Found Reoraciosch's Mayhem Merchandise.
  4123 | D:4      | Your scales start taking on an icy white colour.
  4123 | D:4      | Reached XP level 7. HP: 29/57 MP: 4/7
  4123 | D:4      | Gained mutation: Your flesh is cold resistant. (rC+) [White
                  | Draconian growth]
  4275 | D:4      | Found a staircase to the Ecumenical Temple.
  4408 | Temple   | Entered the Ecumenical Temple
  4483 | Temple   | Became a worshipper of Cheibriados the Contemplative
  4682 | D:5      | Entered Level 5 of the Dungeon
  4732 | D:5      | Reached skill level 6 in Long Blades
  4732 | D:5      | Reached skill level 5 in Shields
  4809 | D:5      | Found a stormy altar of Qazlal.
  5551 | D:6      | HP: 2/57 [orc priest/+0 mace (3)]
  5551 | D:6      | Mangled by a centaur

Levels and vault maps discovered:
D:1:      sevenhm_arrival_forest_fort_small_4, layout_basic
D:2:      layout_rooms, nicolae_overflow_hidden_temple, minmay_pentomino_pile
D:3:      layout_basic, gammafunk_ghost_mausoleum, minmay_shallow_snake_nest
D:4:      layout_rooms, minmay_temple_entry_junction, first_ration,
          minmay_shop_mayhem
D:5:      cheibrodos_two_vegetables, layout_rooms, grunt_qazlal_sundering
D:6:      layout_rooms, portal_sewer_entry_b, minivault_19, elyvilon_altar_5,
          uniq_edmund
Temple:   minmay_crystal_snake_temple

Skill      XL: |  1  2  3  4  5  6  7 |
---------------+----------------------+-----
Dodging        | 3 4 |  4.7
Long Blades    | 3 4 5 6 |  6.4
Shields        | 4 5 |  5.1
Fighting       | |  3.2

Action                   |  1- 3 |  4- 6 |  7- 9 || total
-------------------------+-------+-------+-------++-------
Melee: Long sword        |   136 |   235 |    65 ||   436
       Tailslap          |    19 |    30 |     5 ||    54
 Abil: Breathe Frost     |       |       |     2 ||     2
  Use: Scroll            |       |    10 |     3 ||    13
       Potion            |       |       |     5 ||     5
 Stab: Sleeping          |       |     2 |       ||     2
  Eat: Chunk             |     1 |     6 |     3 ||    10
       Ration            |       |     1 |     1 ||     2
Armor: Skin              |    69 |    46 |     8 ||   123
Dodge: Dodged            |    94 |    96 |    26 ||   216
Block: Shield            |   122 |   201 |    67 ||   390
       Reflection        |       |       |     1 ||     1
       Rpst.: Long sword |    30 |    30 |     9 ||    69

Table legend:
 A = Non-vault XP
 B = Vault XP
 C = Vault XP percentage of total XP
 D = Non-vault monster count
 E = Vault monster count
 F = Vault count percentage of total count
                 A         B        C        D         E       F
            +---------+---------+-------+---------+---------+-------
      Total |    1112 |      43 |   3.7 |     116 |      17 |  12.8
            +---------+---------+-------+---------+---------+-------
        D:1 |      69 |       0 |   0.0 |      36 |       0 |   0.0
        D:2 |      99 |      14 |  12.4 |      21 |       7 |  25.0
        D:3 |     194 |      21 |   9.8 |      31 |       7 |  18.4
        D:4 |     354 |       0 |   0.0 |      12 |       0 |   0.0
        D:5 |     390 |       8 |   2.0 |      14 |       3 |  17.6
        D:6 |       6 |       0 |   0.0 |       2 |       0 |   0.0
            +---------+---------+-------+---------+---------+-------
